 Dungeon Crawl Stone Soup version 0.24.0-37-gcf1ca852f1 (webtiles) character file.

Game seed: 13493965475013309255, levelgen mode: deterministic

1144 theswoord the Cruncher (level 8, -1/43 HPs)
             Began as a Deep Elf Gladiator on Nov 23, 2019.
             Was an Initiate of Kikubaaqudgha.
             Slain by a bullfrog (9 damage)
             ... on level 6 of the Dungeon.
             The game lasted 00:08:41 (5607 turns).

theswoord the Cruncher (Deep Elf Gladiator)         Turns: 5607, Time: 00:08:42

Health: -1/43      AC: -4    Str: 13    XL:     8   Next: 15%
Magic:  10/10      EV: 10    Int: 14    God:    Kikubaaqudgha [......]
Gold:   238        SH:  0    Dex: 16    Spells: 7/7 levels left

rFire    . . .     SeeInvis .   r - +4 quarterstaff (chaos)
rCold    . . .     Gourm    .   (shield currently unavailable)
rNeg     . . .     Faith    .   g - +0 scale mail
rPois    .         Spirit   .   c - +1 helmet
rElec    .         Reflect  .   (no cloak)
rCorr    .         Harm     .   (no gloves)
MR       .....                  (no boots)
Stlth    ..........             (no amulet)
HPRegen  0.14/turn              (no ring)
MPRegen  0.12/turn              (no ring)

@: confused, corroded
A: no striking features
a: Renounce Religion


You were on level 6 of the Dungeon.
You worshipped Kikubaaqudgha.
Kikubaaqudgha was noncommittal.
You were not hungry.

You visited 2 branches of the dungeon, and saw 7 of its levels.

You collected 238 gold pieces.

Inventory:

Hand Weapons
 a - a +0 quarterstaff
 r - a +4 quarterstaff of chaos (weapon)
Missiles
 d - 2 throwing nets (quivered)
Armour
 b - a +0 leather armour
 c - a +1 helmet (worn)
 g - a +0 scale mail (worn)
 q - a cursed +0 cloak
Wands
 s - a wand of disintegration (11)
Scrolls
 e - a scroll of enchant armour
 h - 3 scrolls of remove curse
 k - a scroll of immolation
 m - 2 scrolls of teleportation
 n - 4 scrolls of identify
 p - a scroll of vulnerability {unknown}
Potions
 i - a potion of flight
 l - a potion of might
 o - a potion of brilliance
Comestibles
 f - 8 rations


   Skills:
 - Level 1.5 Fighting
 + Level 10.1 Staves
 - Level 2.0 Throwing
 - Level 3.6 Dodging


You had 7 spell levels left.
You didn't know any spells.
Your spell library was empty.

Dungeon Overview and Level Annotations

Branches:
Dungeon (6/15)             Temple (1/1) D:5

Altars:
Ashenzari
Cheibriados
Dithmenos
Elyvilon
Gozag
Kikubaaqudgha
Nemelex Xobeh
Okawaru
Sif Muna
Uskayaw
Vehumet
Wu Jian
Xom
The Shining One


Message History

The bullfrog barely misses you.
You miss the bullfrog.
The bullfrog is moderately wounded.
The bullfrog hits you.
* * * LOW HITPOINT WARNING * * *
You hit the bullfrog. You burn the bullfrog.
The bullfrog is heavily wounded.
The bullfrog closely misses you.
You hit the bullfrog but do no damage.
The bullfrog is heavily wounded.
The bullfrog closely misses you. The bullfrog hits you.
* * * LOW HITPOINT WARNING * * *
The bullfrog closely misses you. The bullfrog closely misses you.
The bullfrog hits you.
* * * LOW HITPOINT WARNING * * *
You are confused.
You feel invigorated. The bullfrog hits you!
You die...
Kikubaaqudgha rasps: "You have failed me!
Welcome... death!"

#.#.........##.##.
#.(...............
#......<.#
#......### ####.###
#.# ##.## # #...# #
#. #.@.# .#.#.##
#.F.#
.......####...#####
#....#............#
#...................
.?.##.|..........##
.......##.#...#.###
....... #.#...#.#
.##.#.. #.#...#.#


You could see a bullfrog.

Vanquished Creatures
  Eustachio (D:4)
  A sky beast (D:5)
  An ice beast (D:5)
  A phantom (D:3)
  A big kobold (D:5)
  A scorpion (D:4)
  A crimson imp (D:5)
  2 hounds (D:5)
  2 jellies
  An orc wizard (D:3)
  Crazy Yiuf (D:5)
  A bullfrog skeleton (D:3)
  A centaur skeleton (D:4)
  7 worker ants
  6 adders
  An ooze (D:1)
  5 worms
  An adder skeleton (D:4)
  An adder zombie (D:5)
  2 leopard geckos
  4 orcs
  7 giant cockroaches
  7 goblins
  7 hobgoblins
  8 jackals
  A quokka (D:3)
  A ball python (D:3)
  12 bats
  8 frilled lizards
  A jackal skeleton (D:5)
  25 kobolds
  6 rats
125 creatures vanquished.

Notes
Turn   | Place    | Note
-------+----------+-------------------------------------------
     0 | D:1      | theswoord the Deep Elf Gladiator began the quest for the
                  | Orb.
     0 | D:1      | Reached XP level 1. HP: 12/12 MP: 3/3
   154 | D:1      | Reached XP level 2. HP: 8/16 MP: 4/4
   507 | D:1      | Reached skill level 4 in Staves
   616 | D:1      | Reached XP level 3. HP: 17/20 MP: 5/5
   948 | D:2      | Found an opulent altar of Gozag.
   959 | D:2      | Reached XP level 4. HP: 12/25 MP: 6/6
   999 | D:2      | Reached skill level 5 in Staves
  1393 | D:2      | Found a radiant altar of Vehumet.
  2003 | D:3      | Noticed a phantom
  2014 | D:3      | Killed a phantom
  2014 | D:3      | Reached skill level 6 in Staves
  2014 | D:3      | Reached XP level 5. HP: 27/29 MP: 7/7
  2471 | D:3      | Reached XP level 6. HP: 11/34 MP: 8/8
  2789 | D:4      | Reached skill level 7 in Staves
  3849 | D:5      | Entered Level 5 of the Dungeon
  3850 | D:5      | Noticed Eustachio
  3866 | D:4      | Killed Eustachio
  3866 | D:4      | Reached skill level 8 in Staves
  3866 | D:4      | Reached XP level 7. HP: 13/38 MP: 9/9
  4165 | D:5      | Reached skill level 9 in Staves
  4553 | D:5      | Found a runed translucent door.
  4554 | D:5      | Noticed Crazy Yiuf
  4568 | D:5      | Killed Crazy Yiuf
  4880 | D:5      | Reached XP level 8. HP: 43/43 MP: 10/10
  5079 | D:5      | Found a staircase to the Ecumenical Temple.
  5087 | Temple   | Entered the Ecumenical Temple
  5154 | Temple   | Became a worshipper of Kikubaaqudgha
  5225 | D:5      | Found a faded altar of an unknown god.
  5225 | D:5      | Found an ornate altar of the Wu Jian Council.
  5232 | D:5      | Reached skill level 10 in Staves
  5236 | D:5      | Found a snail-covered altar of Cheibriados.
  5238 | D:5      | Found a white marble altar of Elyvilon.
  5241 | D:5      | Found a glowing golden altar of the Shining One.
  5607 | D:6      | Slain by a bullfrog

Skill      XL: |  1  2  3  4  5  6  7  8 |
---------------+-------------------------+-----
Staves         | 4 6 8 9 10 | 10.1
Fighting       | |  1.5
Throwing       | |  2.0
Dodging        | |  3.6

Action                   |  1- 3 |  4- 6 |  7- 9 || total
-------------------------+-------+-------+-------++-------
Melee: Quarterstaff      |   104 |   234 |   123 ||   461
Throw: Throwing net      |     2 |       |       ||     2
  Use: Potion            |     2 |     4 |     1 ||     7
       Scroll            |       |    10 |     1 ||    11
  Eat: Chunk             |       |    10 |     5 ||    15
Armor: Scale mail        |    59 |   106 |    26 ||   191
Dodge: Dodged            |    55 |   119 |    55 ||   229

Levels and vault maps discovered:
D:1:      dpeg_arrival_signposts, layout_loops_ring
D:2:      layout_basic, grunt_gozag_statues, old_standard_altar
D:3:      layout_basic, minmay_misc_feat_roman, kennysheep_generic_room_11
D:4:      layout_basic, first_ration
D:5:      kennysheep_kobold_camp, layout_loops_ring,
          chequers_temple_overflow_minitemple,
          minmay_temple_entry_statues_pillars, uniq_eustachio,
          uniq_crazy_yiuf_cottage
D:6:      layout_loops_cross, lemuel_zombie_altar_yredelemnul,
          portal_sewer_entry_e
Temple:   oiseaux_autumnal_temple
